AoeStats
← F1Re

Arabian Desert

510317121Analyzed
1v1 RM · 3d ago on Sep 30, 2026· 32m 15s· 2 players
Game mode
Random Map
Map size
Tiny (2 player)
Population
200
Speed
Normal
Resources
Standard
Victory
Conquest
Starting age
Dark Age
Ending age
Imperial Age
RankedLock teamsTeams togetherTeam positionsShared explorationLock speedFull tech treeHidden civsTurbo modeCheats
Victory
Defeat
🇧🇷 Vikings · Brazil
2521
+13
🇩🇪 Vikings · Germany
2444
-13
NOC | Mati
6:12 Loom
8:52 Feudal Age
19:41 Castle Age
17:34 Horse Collar
18:04 Fletching
18:52 Double-Bit Axe
19:48 Padded Archer Armor
20:21 Scale Mail Armor
20:23 Bodkin Arrow
20:08 Elite Skirmisher
25:00 Squires
27:37 Chain Mail Armor
F1Re
6:11 Loom
8:44 Feudal Age
8:52 Man-at-Arms
12:33 Horse Collar
13:30 Double-Bit Axe
15:59 Fletching
20:40 Castle Age
19:18 Gold Mining
19:29 Padded Archer Armor
21:17 Bodkin Arrow
21:34 Bow Saw
21:26 Elite Skirmisher
22:58 Town Watch
23:34 Squires
24:15 Scale Mail Armor
25:25 Chain Mail Armor
31:26 Forging
Connection lost

Rejoining the realm…

Still unreachable

The connection could not be restored.

Session expired

The server has moved on; the page needs a fresh start.